 Dungeon Crawl Stone Soup version 0.30-a0-6-g7c9e10e132 (webtiles) character file.

Game seed: 5306274160600962574

6766 nickcage the Fencer (level 10, -2/83 HPs)
             Began as a Minotaur Gladiator on Aug 22, 2022.
             Was a Believer of Makhleb.
             Slain by a bone dragon (9 damage)
             ... on level 2 of the Abyss.
             The game lasted 00:23:19 (10804 turns).

nickcage the Fencer (Minotaur Gladiator)           Turns: 10804, Time: 00:23:20

Health: -2/83      AC: 17    Str: 29    XL:     10   Next: 76%
Magic:  9/9        EV:  7    Int:  5    God:    Makhleb [**....]
Gold:   820        SH: 16    Dex: 12    Spells: 9/9 levels left

rFire   . . .      SeeInvis .    a - +2 long sword (vamp)
rCold   . . .      Faith    .    H - +2 kite shield
rNeg    . . .      Spirit   .    w - +0 plate armour
rPois   .          Reflect  +    c - +1 hat
rElec   .          Harm     .    B - +0 cloak
rCorr   .          Rampage  .    s - +0 pair of gloves
Will    .....                    y - +0 pair of boots
Stlth   ..........               J - amulet of reflection
HPRegen 0.23/turn                F - +6 ring of strength
MPRegen 0.11/turn                (no ring)

@: no status effects
A: horns 2, retaliatory headbutt
a: Renounce Religion, Minor Destruction


You were on level 2 of the Abyss.
You worshipped Makhleb.
Makhleb was pleased with you.
You visited 2 branches of the dungeon, and saw 10 of its levels.
You visited the Abyss 1 time.

You collected 820 gold pieces.

Inventory:

Hand Weapons
 a - a +2 vampiric long sword (weapon)
 n - a +2 morningstar of protection
 q - a +0 dire flail
 I - a +4 scimitar
Missiles
 f - 10 poisoned darts
 m - 6 throwing nets
Armour
 c - a +1 hat (worn)
 s - a +0 pair of gloves (worn)
 w - a +0 plate armour (worn)
 y - a +0 pair of boots (worn)
 B - a +0 cloak (worn)
 H - a +2 kite shield (worn)
Jewellery
 t - an amulet of the acrobat
 u - a ring of wizardry
 z - an amulet of guardian spirit
 F - a +6 ring of strength (left hand)
 J - an amulet of reflection (around neck)
Wands
 e - a wand of flame (12)
 k - a wand of quicksilver (10)
 v - a wand of polymorph (12)
Scrolls
 d - a scroll of silence
 g - 5 scrolls of teleportation
 j - 5 scrolls of noise
 o - a scroll of immolation
 x - 2 scrolls of blinking
 A - a scroll of identify
 G - a scroll of fear
Potions
 b - a potion of ambrosia
 h - 4 potions of mutation
 i - a potion of attraction
 l - 5 potions of curing
 p - a potion of resistance
 r - 4 potions of lignification
 C - a potion of haste
 D - 3 potions of flight
 E - a potion of might


   Skills:
 + Level 5.8 Fighting
 + Level 16.8 Long Blades
 - Level 2.0 Throwing
 + Level 5.8 Armour
 - Level 3.2 Dodging
 + Level 6.0 Shields


You had 9 spell levels left.
You didn't know any spells.
Your spell library contained the following spells:

 Spells                   Type           Power      Damage    Failure   Level
 Ensorcelled Hibernation  Hex/Ice        0%         N/A       100%        2
 Passwall                 Tmut/Erth      0%         N/A       100%        2
 Call Canine Familiar     Summ           0%         N/A       100%        3
 Portal Projectile        Hex/Tloc       0%         N/A       100%        3
 Swiftness                Air            0%         N/A       100%        3
 Leda's Liquefaction      Hex/Erth       0%         N/A       100%        4


Dungeon Overview and Level Annotations

Branches:
Dungeon (9/15)             Temple (1/1) D:6
   Lair: D:8-11         Orc: D:9-12

Altars:
Ashenzari
Dithmenos
Elyvilon
Fedhas
Gozag
Hepliaklqana
Kikubaaqudgha
Makhleb
Nemelex Xobeh
Okawaru
Ru
Sif Muna
Trog
Uskayaw
Vehumet
Wu Jian
Xom
Yredelemnul
Zin
The Shining One

Annotations:
D:5 1 runed translucent door, SensoryNuts's ghost, novice DrFi
D:9 Erolcha


Innate Abilities, Weirdness & Mutations

You have a pair of horns on your head.
You reflexively headbutt those who attack you in melee.


Message History

You see here a +0 shortbow.
Things that are here:
a +0 dagger; a +0 leather armour; a +0 dagger
There is a stone staircase leading down here.
You climb downwards.
Level annotation: Erolcha
There is a stone staircase leading up here.
Erolcha is nearby!
You hit Erolcha but do no damage. You headbutt Erolcha, but do no damage.
Erolcha gestures wildly while chanting.
Erolcha flickers and vanishes!
Deactivating autopickup; reactivate with Ctrl-A.
No target in view!
You closely miss something. You headbutt something. Something hits you!!
You closely miss something. You headbutt something. You barely miss something.
Something hits you!
You hit something. You barely miss something. Your headbutt misses something.
Something hits you.
You barely miss something. Your headbutt misses something.
You barely miss something.
You hear some strange, mumbled words.
There is a stone staircase leading up here.
You start resting.
You are cast into the Abyss!
This branch contains the abyssal rune of Zot.
Reactivating autopickup.
An orange demon comes into view.
The orange demon screeches!
A bone dragon and a large abomination come into view.
The bone dragon bites you!! You block the bone dragon's attack.
The bone dragon tramples you but does no damage.
The bone dragon attacks as you move away!
The bone dragon bites you!!
* * * LOW HITPOINT WARNING * * *
The bone dragon claws you but does no damage.
The bone dragon tramples you!
* * * LOW HITPOINT WARNING * * *
The bone dragon attacks as you move away!
The bone dragon bites you!
You die...

.. # . #.
4........ . ..
. #. #X.....##
....
...##........
..# ..
...#......## #
###.# .
........ #.
..#......##
..#..#........
. #.##D##....#
#..@......#.
#....###.....#
#..##.# ....#.
# #.. ..#..
..# #.# . .##
.. . ##


You could see a bone dragon and a large abomination.

Vanquished Creatures
  A centaur warrior (D:8)
  A manticore (D:8)
  A gargoyle (D:8)
  Maggie (D:7)
  A meliai (D:8)
  Sigmund (D:3)
  A wyvern (D:8)
  Grum (D:7)
  A steam dragon (D:8)
  A vampire mosquito (D:8)
  Menkaure (D:7)
  2 water moccasins
  Duvessa (D:6)
  2 black bears (D:5)
  5 orc warriors
  An ice beast (D:5)
  2 ogres (D:5)
  4 centaurs
  A phantom (D:5)
  3 kobold brigands
  3 gnoll sergeants (D:7)
  4 necrophages
  3 scorpions
  Dowan (D:6)
  4 wights (D:8)
  2 killer bees (D:8)
  3 howler monkeys
  13 hounds
  4 jellies
  An orc priest (D:5)
  3 gnoll boudas (D:7)
  Jessica (D:3)
  2 iguanas
  7 orc wizards
  23 gnolls
  7 adders
  A shadow imp (D:7)
  4 white imps
  2 ufetubi
  2 worms
  A dart slug (D:1)
  24 orcs
  4 bats
  6 endoplasms
  A giant cockroach (D:2)
  10 goblins
  5 hobgoblins
  13 jackals
  4 quokkas
  6 ball pythons
  3 frilled lizards
  15 kobolds
  9 rats
223 creatures vanquished.

Vanquished Creatures (others)
  2 plants (D:8)
  6 toadstools (D:9)
8 creatures vanquished.

Grand Total: 231 creatures vanquished

Notes
Turn   | Place    | Note
-------+----------+-------------------------------------------
     0 | D:1      | nickcage the Minotaur Gladiator began the quest for the
                  | Orb.
     0 | D:1      | Reached XP level 1. HP: 18/18 MP: 0/0
    59 | D:1      | Reached skill level 4 in Long Blades
   348 | D:1      | Reached XP level 2. HP: 25/25 MP: 1/1
   705 | D:1      | Reached skill level 5 in Long Blades
   982 | D:1      | Reached XP level 3. HP: 22/30 MP: 2/2
  2331 | D:3      | Noticed Jessica
  2336 | D:3      | Killed Jessica
  2337 | D:3      | Reached skill level 6 in Long Blades
  2337 | D:3      | Reached XP level 4. HP: 37/37 MP: 3/3
  2366 | D:3      | Noticed Sigmund
  2377 | D:3      | Killed Sigmund
  2378 | D:3      | Reached skill level 8 in Long Blades
  2378 | D:3      | Reached XP level 5. HP: 16/42 MP: 4/4
  2386 | D:3      | HP: 2/42 [poisoned by Sigmund]
  2961 | D:3      | Found a radiant altar of Vehumet.
  3018 | D:3      | Found a hazy altar of Hepliaklqana.
  3025 | D:3      | Found a faded altar of an unknown god.
  3098 | D:3      | Found a shimmering blue altar of Sif Muna.
  3422 | D:4      | Reached XP level 6. HP: 40/50 MP: 5/5
  3690 | D:4      | Found a shadowy altar of Dithmenos.
  4107 | D:4      | Reached skill level 9 in Long Blades
  4307 | D:5      | Entered Level 5 of the Dungeon
  4350 | D:5      | Noticed a water moccasin
  4360 | D:5      | Killed a water moccasin
  4538 | D:5      | Reached XP level 7. HP: 51/56 MP: 6/6
  4586 | D:5      | Reached skill level 10 in Long Blades
  4676 | D:5      | Found a runed translucent door.
  4676 | D:5      | Noticed SensoryNuts's ghost (novice DrFi)
  4695 | D:5      | Found a basalt altar of Yredelemnul.
  4748 | D:5      | Found a glowing silver altar of Zin.
  5184 | D:5      | Reached skill level 11 in Long Blades
  5535 | D:5      | Identified the +1 dagger "Udiwk" {protect, rElec rN+ Dex+7
                  | SInv}
  5540 | D:5      | Reached XP level 8. HP: 62/62 MP: 7/7
  5662 | D:5      | Reached skill level 12 in Long Blades
  5725 | D:5      | Reached skill level 13 in Long Blades
  5956 | D:6      | Found a staircase to the Ecumenical Temple.
  5965 | Temple   | Entered the Ecumenical Temple
  6176 | Temple   | Became a worshipper of Makhleb the Destroyer
  6353 | D:6      | Noticed Dowan
  6354 | D:6      | Noticed Duvessa
  6437 | D:6      | You fall into a shaft and drop 3 floors!
  6531 | D:9      | Noticed Erolcha
  6601 | D:8      | Reached skill level 14 in Long Blades
  6779 | D:6      | Reached XP level 9. HP: 68/68 MP: 8/8
  6863 | D:6      | Killed Duvessa
  6874 | D:6      | Killed Dowan
  7271 | D:7      | Noticed Maggie
  7289 | D:7      | Killed Maggie
  7290 | D:7      | Reached skill level 15 in Long Blades
  7424 | D:7      | Reached * piety under Makhleb
  7782 | D:7      | Noticed Menkaure
  7788 | D:7      | Reached skill level 16 in Long Blades
  7917 | D:7      | Reached skill level 1 in Shields
  7983 | D:7      | Killed Menkaure
  7984 | D:7      | Reached skill level 1 in Armour
  8557 | D:7      | Reached ** piety under Makhleb
  8560 | D:7      | Noticed Grum
  8567 | D:7      | Killed Grum
  8568 | D:7      | Reached XP level 10. HP: 71/77 MP: 3/9
  8719 | D:7      | Found a hide-covered altar of Uskayaw.
  9625 | D:8      | Noticed a manticore
  9633 | D:8      | Noticed a centaur warrior
  9640 | D:8      | Killed a manticore
  9646 | D:8      | Killed a centaur warrior
  9647 | D:8      | Reached skill level 5 in Fighting
  9647 | D:8      | Reached skill level 5 in Shields
  9651 | D:8      | Reached skill level 5 in Armour
  9983 | D:8      | Noticed a gargoyle
 10001 | D:8      | Killed a gargoyle
 10773 | Abyss:2  | Cast into level 2 of the Abyss (Erolcha)
 10783 | Abyss:2  | Noticed an orange demon
 10796 | Abyss:2  | Noticed a bone dragon
 10804 | Abyss:2  | Slain by a bone dragon

Illustrated notes

Levels and vault maps discovered:
D:1:      minmay_arrival_nine_rooms, layout_basic, minmay_misc_feat_five,
          minmay_tetromino_i4
D:2:      layout_basic
D:3:      layout_basic, nicolae_sif_muna_little_library,
          nicolae_hepliaklqana_hazy_memory, mainiacjoe_overflow_surrounded_room,
          hellmonk_ecumenical_altar_run_dry, uniq_sigmund, uniq_jessica
D:4:      layout_loops_ring, mainiacjoe_overflow_small_starburst,
          hangedman_abyss_or_decor_stagger
D:5:      minmay_polygon_palace, layout_basic, mainiacjoe_overflow_paths,
          mainiacjoe_overflow_catwalk, hellmonk_ghost_happy_afterlife
D:6:      layout_gridville, minmay_temple_entry_mini_moons, uniq_duvessa
D:7:      layout_cave_pools, general_overflow_altar, serial_gnoll_camp,
          grums_kennel, gnoll_camp_medium_01, gnoll_camp_mini_sergeant,
          gnoll_camp_mini_basic, gnoll_camp_medium_02, uniq_maggie,
          uniq_menkaure
D:8:      nzn_winding_woodlands_three_and_one
          [nzn_winding_woodlands_5x15_lazy_stream,
          nzn_winding_woodlands_5x15_crooked, nzn_winding_woodlands_5x15_jagged,
          nzn_winding_woodlands_center_pierced_h], layout_cave_pools,
          enter_bailey_5, minivault_23
D:9:      layout_basic, lair_entry_dummy, minmay_gold_behind_fungi, uniq_erolcha
Temple:   nicolae_temple_figure_eight
Abyss:2:  base:
Bailey

Skill      XL: |  1  2  3  4  5  6  7  8  9 10 |
---------------+-------------------------------+-----
Long Blades    | 4 5 6 8 9 11 14 16 | 16.8
Shields        | 2 6 |  6.0
Fighting       | 3 5 |  5.8
Armour         | 2 5 |  5.8
Throwing       | |  2.0
Dodging        | |  3.2

Action                   |  1- 3 |  4- 6 |  7- 9 | 10-12 || total
-------------------------+-------+-------+-------+-------++-------
Melee: Long sword        |   125 |    94 |   379 |   142 ||   740
       Headbutt          |    12 |    11 |    78 |    36 ||   137
Throw: Dart              |       |       |     2 |     2 ||     4
Invok: Minor Destruction |       |       |       |     1 ||     1
Evoke: Wand              |       |       |       |     2 ||     2
  Use: Scroll            |       |    14 |     6 |     4 ||    24
       Potion            |       |       |     1 |     1 ||     2
Armor: Leather armour    |    33 |       |       |       ||    33
       Chain mail        |    20 |     5 |       |       ||    25
       Plate armour      |       |    37 |   174 |    67 ||   278
Dodge: Dodged            |    72 |    32 |   129 |    45 ||   278
Block: Buckler           |     3 |    17 |    77 |       ||    97
       Kite shield       |       |       |    75 |    86 ||   161

Table legend: (Time is in decaauts)
 A = Elapsed time spent in this place.
 B = Non-inter-level travel time spent in this place.
 C = Inter-level travel time spent in this place.
 D = Time resting spent in this place.
 E = Time spent auto-exploring this place.
 F = Levels seen in this place.
 G = Mean time per level.
                   A        B        C        D        E       F      G
               +--------+--------+--------+--------+--------+-----+--------+
         Total |  10775 |  10461 |    314 |   2684 |   5917 |  11 |  979.5 |
       Dungeon |  10520 |  10218 |    302 |   2684 |   5722 |   9 | 1168.9 |
        Temple |    223 |    211 |     12 |      0 |    195 |   1 |  223.0 |
         Abyss |     30 |     30 |      0 |      0 |      0 |   1 |   30.0 |
               +--------+--------+--------+--------+--------+-----+--------+

Top non-repeatable levels by time:
     D:7: 2057 daAuts
     D:8: 1611 daAuts
     D:1: 1607 daAuts
     D:5: 1360 daAuts
     D:4: 1225 daAuts
     D:3: 1123 daAuts
     D:6: 742 daAuts
     D:2: 654 daAuts
  Temple: 223 daAuts
     D:9: 139 daAuts
 Abyss:2: 30 daAuts
